AoeStats
← 知耻而后勇喜笑颜开

Arena

507856121Analyzed
3v3 RM · 13d ago on Sep 19, 2026· 26m 15s· 6 players
Game mode
Random Map
Map size
Normal (6 player)
Population
200
Speed
Normal
Resources
Standard
Victory
Conquest
Starting age
Dark Age
Ending age
Imperial Age
RankedLock teamsTeams togetherTeam positionsShared explorationLock speedFull tech treeHidden civsTurbo modeCheats
Victory
Defeat
🇱🇧 Spanish · Lebanon
1136
+16
🇪🇪 Celts · Estonia
1076
+49
🇬🇧 Gurjaras · United Kingdom
1056
+19
🇪🇸 Turks · Spain
1193
-20
1114
-17
🇲🇽 Cumans · Mexico
1080
-16
DRAGONROJO500
10:46 Feudal Age
12:09 Wheelbarrow
11:22 Double-Bit Axe
11:27 Horse Collar
11:53 Loom
13:12 Horse Collar
23:23 Castle Age
Pol
12:09 Feudal Age
15:45 Castle Age
16:35 Town Watch
16:41 Town Watch
16:44 Double-Bit Axe
16:46 Horse Collar
19:10 Loom
22:25 Scale Barding Armor
知耻而后勇喜笑颜开
10:05 Feudal Age
11:32 Double-Bit Axe
14:10 Castle Age
12:19 Horse Collar
15:19 Bow Saw
17:31 Fervor
18:48 Loom
18:50 Town Watch
19:19 Treadmill Crane
20:58 Sanctity
24:15 Wheelbarrow
24:15 Heavy Plow
25:32 Redemption
25:38 Masonry
27:01 Ballistics
26:33 Fletching
KOMR4D ☭
4:57 Loom
10:48 Feudal Age
15:38 Castle Age
14:12 Double-Bit Axe
15:45 Stone Mining
18:40 Horse Collar
22:20 Wheelbarrow
26:10 Heavy Plow
27:01 Bow Saw
Zeus Kakarot
10:28 Feudal Age
13:21 Loom
15:55 Castle Age
14:50 Double-Bit Axe
14:46 Horse Collar
17:50 Bow Saw
Xena
11:16 Feudal Age
12:07 Double-Bit Axe
15:03 Castle Age
14:56 Loom
15:48 Horse Collar
16:29 Scale Mail Armor
20:37 Forging
25:36 Arson
Connection lost

Rejoining the realm…

Still unreachable

The connection could not be restored.

Session expired

The server has moved on; the page needs a fresh start.